 Dungeon Crawl Stone Soup version 0.29-a0-380-gf50f0a9fbc (webtiles) character file.

Game seed: 11547510634918139044

19 Antichthon the Skirmisher (level 2, 0/25 HPs)
             Began as a Formicid Abyssal Knight on May 5, 2022.
             Was a Believer of Lugonu.
             Slain by a frilled lizard (2 damage)
             ... on level 1 of the Dungeon.
             The game lasted 00:01:13 (971 turns).

Antichthon the Skirmisher (Formicid Abyssal Knight)  Turns: 971, Time: 00:01:14

Health: 0/25       AC:  6    Str: 17    XL:     2   Next: 95%
Magic:  3/3        EV:  9    Int:  9    God:    Lugonu [**....]
Gold:   30         SH:  0    Dex: 11    Spells: 1/1 levels left

rFire   . . .      SeeInvis +   a - +1 falchion
rCold   . . .      Faith    .   (no shield)
rNeg    . . .      Spirit   .   h - +0 scale mail
rPois   .          Reflect  .   (helmet unavailable)
rElec   .          Harm     .   (no cloak)
rCorr   .          Rampage  .   (no gloves)
Will    .....                   (no boots)
Stlth   ..........              (no amulet)
HPRegen 0.08/turn               (no ring)
MPRegen 0.08/turn               (no ring)

@: no status effects
A: permanent stasis, dig shafts and tunnels, antennae 3, four strong arms
a: Dig, Shaft Self, Renounce Religion, Depart the Abyss, Bend Space


You were on level 1 of the Dungeon.
You worshipped Lugonu.
Lugonu was pleased with you.
You visited 1 branch of the dungeon, and saw 1 of its levels.
You visited the Abyss 1 time.

You collected 30 gold pieces.

Inventory:

Hand Weapons
 a - a +1 falchion (weapon)
Armour
 b - a +0 leather armour
 h - a +0 scale mail (worn)
Jewellery
 e - a ring of flight
Potions
 c - a potion of brilliance {unknown}
 d - a potion of curing {unknown}
 f - a potion of magic {unknown}
 g - a potion of lignification {unknown}


   Skills:
 * Level 3.8 Fighting
 * Level 2.1 Long Blades
 * Level 0.3 Crossbows
 * Level 2.2 Armour
 * Level 1.1 Dodging
 * Level 0.5 Stealth
 * Level 0.4 Shields
 * Level 2.2 Invocations
 * Level 0.1 Evocations


You had one spell level left.
You didn't know any spells.
Your spell library contained the following spells:

 Spells                   Type           Power      Damage    Failure   Level
 Fireball                 Conj/Fire      0%         3d3       100%        5
 Iskenderun's Battlesphe  Conj           0%         2d6       100%        5
 Conjure Ball Lightning   Conj/Air       0%         3x3d6     100%        6
 Orb of Destruction       Conj           0%         9d5       100%        7


Dungeon Overview and Level Annotations

Branches:
Dungeon (1/15)

Altars:


Innate Abilities, Weirdness & Mutations

You cannot be hasted, slowed, berserked, paralysed or teleported.
You can dig through walls and to a lower floor.
You have a pair of large antennae on your head. (SInv)
Your four strong arms can wield two-handed weapons with a shield.


Message History

The frilled lizard bites you but does no damage.
The kobold hits you with a +0 whip.
You barely miss the kobold.
The kobold is severely wounded.
The rat closely misses you.
The frilled lizard bites you but does no damage.
The kobold hits you but does no damage.
Unknown command.
You closely miss the rat. The rat barely misses you.
The frilled lizard bites you. The kobold hits you but does no damage.
You hit the rat.
You kill the rat!
Lugonu accepts your kill. The kobold hits you with a +0 whip.
* * * LOW HITPOINT WARNING * * *
The frilled lizard bites you but does no damage.
The kobold hits you but does no damage.
The frilled lizard bites you but does no damage.
The frilled lizard attacks as you move away!
The frilled lizard bites you but does no damage.
There is an open door, spattered with blood here.
The kobold attacks as you move away! The kobold closely misses you.
You barely miss the kobold.
The kobold is severely wounded.
The kobold hits you with a +0 whip.
* * * LOW HITPOINT WARNING * * *
You closely miss the kobold.
The kobold is severely wounded.
The kobold hits you but does no damage.
You completely miss the kobold.
The kobold is severely wounded.
The kobold closely misses you.
You hit the kobold.
You kill the kobold!
Lugonu accepts your kill.
Unknown command.
You barely miss the frilled lizard.
The frilled lizard bites you but does no damage. x2
You closely miss the frilled lizard. The frilled lizard bites you.
You die...

#.##.# #.## #..#.##.# #...
##.#.##.# #...
#.#.##.#+##### #.##
#...##........ #.##
##..##..?..... #.##
#..##........ #.## #######
##.##........ #.##
.†....#########.@l....!...
#.##
#####...).......##........
# #..#[#>#.#..##........ #
#..#.### #.>##..?..... #
#.....# ..###........ #
#....## ... ......... #
#..### ###. ##...#### #
#..## .. .... # #..>## #


You could see a frilled lizard.

Vanquished Creatures
  A dart slug (D:1)
  3 endoplasms (D:1)
  4 hobgoblins (D:1)
  A kobold (D:1)
  2 ball pythons (D:1)
  3 bats (D:1)
  2 rats (D:1)
16 creatures vanquished.

Notes
Turn   | Place    | Note
-------+----------+-------------------------------------------
     0 | Abyss:1  | Antichthon the Formicid Abyssal Knight began the quest for
                  | the Orb.
     0 | Abyss:1  | Reached XP level 1. HP: 18/18 MP: 2/2
     0 | D:1      | Escaped the Abyss
    35 | D:1      | Reached skill level 1 in Dodging
    63 | D:1      | Reached ** piety under Lugonu
   337 | D:1      | Reached XP level 2. HP: 21/24 MP: 3/3
   587 | D:1      | Found a faded altar of an unknown god.
   966 | D:1      | HP: 1/25 [kobold/+0 whip (5)]
   971 | D:1      | Slain by a frilled lizard

Illustrated notes

Levels and vault maps discovered:
D:1:      onia_arrival_handbag, layout_basic,
          hellmonk_ecumenical_altar_leap_of_faith

Skill      XL: |  1 |
---------------+----+-----
Dodging        | 1 |  1.1
Fighting       | |  3.8
Long Blades    | |  2.1
Crossbows      | |  0.3
Armour         | |  2.2
Stealth        | |  0.5
Shields        | |  0.4
Invocations    | |  2.2
Evocations     | |  0.1

Action                   || total
-------------------------++-------
Melee: Falchion          ||    52
Invok: Depart the Abyss  ||     1
  Use: Scroll            ||     1
 Stab: Sleeping          ||     1
Armor: Leather armour    ||    14
       Scale mail        ||    14
Dodge: Dodged            ||    49

Table legend: (Time is in decaauts)
 A = Elapsed time spent in this place.
 B = Non-inter-level travel time spent in this place.
 C = Inter-level travel time spent in this place.
 D = Time resting spent in this place.
 E = Time spent auto-exploring this place.
 F = Levels seen in this place.
 G = Mean time per level.
                   A        B        C        D        E       F      G
               +--------+--------+--------+--------+--------+-----+--------+
         Total |    980 |    980 |      0 |      0 |    774 |   2 |  490.0 |
       Dungeon |    980 |    980 |      0 |      0 |    774 |   1 |  980.0 |
         Abyss |      0 |      0 |      0 |      0 |      0 |   1 |    0.0 |
               +--------+--------+--------+--------+--------+-----+--------+

Top non-repeatable levels by time:
     D:1: 980 daAuts
